 Dungeon Crawl Stone Soup version 0.31-a0-1009-g454b1f1e0a (webtiles) character file.

Game seed: 11010200830689889364

16 kae the Vexing (level 2, -1/19 HPs)
             Began as a Demonspawn Enchanter on Nov 14, 2023.
             Slain by Jessica
             ... wielding a +0 club
              (5 damage)
             ... on level 1 of the Dungeon.
             The game lasted 00:00:31 (494 turns).

kae the Vexing (Demonspawn Enchanter)                Turns: 494, Time: 00:00:31

Health: -1/19      AC:  2    Str:  8    XL:     2   Next: 37%
Magic:  5/5        EV: 12    Int: 16    God:
Gold:   39         SH:  0    Dex: 13    Spells: 3/5 levels left

rFire   . . .        a - +2 dagger
rCold   . . .        (no shield)
rNeg    . . .        b - +0 robe
rPois   .            (helmet restricted)
rElec   .            (no cloak)
rCorr   .            (no gloves)
SInv    .            (no boots)
Will    .....        (no amulet)
Stlth   +            (no ring)
HPRegen 0.23/turn    (no ring)
MPRegen 0.09/turn

%: no passive effects
@: silenced
A: antennae 1
a: no special abilities


You were on level 1 of the Dungeon.
You visited 1 branch of the dungeon, and saw 2 of its levels.

You collected 39 gold pieces.


Innate Abilities, Weirdness & Mutations

You have a pair of small antennae on your head.


   Skills:
 * Level 1.3 Short Blades
 - Level 1.7 Dodging
 + Level 2.8 Stealth
 + Level 2.1 Spellcasting
 * Level 3.3 Hexes


You had 3 spell levels left.
You knew the following spells:

 Your Spells              Type           Power      Damage    Failure   Level
a - Ensorcelled Hibernat  Hex/Ice        14%        N/A       16%         2

Your spell library contained the following spells:

 Spells                   Type           Power      Damage    Failure   Level
 Confusing Touch          Hex            12%        N/A       16%         3
 Tukima's Dance           Hex            12%        N/A       16%         3
 Apportation              Tloc           2%         N/A       21%         1
 Necrotise                Necr           4%         1d4       21%         1
 Summon Small Mammal      Summ           4%         N/A       21%         1
 Dazzling Flash           Conj/Hex       14%        N/A       30%         3

Inventory:

Hand Weapons
 a - a +2 dagger (weapon)
Missiles
 e - 13 stones
 l - 2 atropa-tipped darts
Armour
 b - a +0 robe (worn)
Magical Staves
 g - a staff of fire {!a}
   (You found it on level 1 of the Dungeon)
Scrolls
 m - a scroll of fear {unknown}
Potions
 c - 2 potions of invisibility
 h - a potion of degeneration {unknown}
 i - a potion of enlightenment {unknown}
 j - 2 potions of heal wounds {unknown}
 k - a potion of might {unknown}
 o - a potion of mutation {unknown}

Dungeon Overview and Level Annotations

Branches:
Dungeon (2/15) Zot: 11507

Altars:

Annotations:
D:1 Jessica

#....#.##.##.##
###.########
...#......##.#### ###.#
......#.........# #...#
................###.###
##...#†)............#
####.............####
...#..............#
...#...........@..#
...........)....@.#
...##.............#
##############....#
######


You could see Jessica.


Message History

The helpless hobgoblin fails to defend itself.
You puncture the hobgoblin!
You kill the hobgoblin!
No target in view!
No target in view!
You see here a hobgoblin corpse.
There is an open door here.
There is a stone staircase leading down here.
A kobold comes into view. It is wielding a +0 club.
The kobold throws a stone.
The stone barely misses you.
A kobold is nearby!
You hit the kobold. The kobold barely misses you.
You barely miss the kobold. The kobold barely misses you.
A kobold is nearby!
You hit the kobold.
You kill the kobold!
No target in view!
e - 13 stones (gained 4)
Things that are here:
a +0 club; a kobold corpse
m - a scroll labelled UNIPAR KEIMM No target in view!
No target in view!
A rat comes into view.
You hit the rat but do no damage. The rat closely misses you.
A rat is nearby!
A rat is nearby!
You closely miss the rat. The rat bites you but does no damage.
You hit the rat. The rat closely misses you.
A rat is nearby!
You barely miss the rat. The rat misses you.
You hit the rat but do no damage. The rat bites you. 😕 HP[-3]
You take 3 damage, and now have 16/19 hp.
A rat is nearby!
You hit the rat.
You kill the rat!
No target in view!
You now have 39 gold pieces (gained 8).
You see here a +0 leather armour.
n - a scroll labelled SUHOAM USANU 😎 HP[+3]
Your hp is fully restored (19).
No target in view!
No target in view!
o - a metallic emerald potion No target in view!
No target in view!
Done exploring.
Done exploring.
Done exploring.
Done exploring.
As you read the scroll labelled MUNIQA BOMNUXZA, it crumbles to dust.
It is a scroll of amnesia.
Okay, then.
As you read the scroll labelled SUHOAM USANU, it crumbles to dust.
It is a scroll of enchant weapon.
Your +1 dagger glows red for a moment.
As you read the scroll labelled TEEKHA NEATIX, it crumbles to dust.
A profound silence engulfs you.
It was a scroll of silence.
Unknown command.
Magic scrolls do not work when you're silenced!
Done exploring.
Unknown command.
Done exploring.
Done exploring.
Done exploring.
There is a stone staircase leading down here.
You climb downwards.
Found 9 stones and a whip.
Found a stone staircase leading down.
There is a stone staircase leading up here.
There are monsters nearby!
Unknown command.
You hit the frilled lizard.
You kill the frilled lizard!
You see here a frilled lizard corpse.
There is a stone staircase leading up here.
Jessica hits you with a +0 club.
You climb upwards.
There is a stone staircase leading down here. 😕 HP[-1]
You take 1 damage, and now have 18/19 hp.
You hit Jessica. You hit Jessica. Jessica misses you.
You completely miss Jessica. Jessica hits you with a +0 club.
You are too injured to fight recklessly! 😮 HP[-5]
You take 5 damage, and now have 13/19 hp.
MASSIVE DAMAGE!! (PAUSE)
You hit Jessica. Jessica hits you with a +0 club!
* * * LOW HITPOINT WARNING * * *
😨 HP[-7]
You take 7 damage, and now have 6/19 hp.
MASSIVE DAMAGE!! (PAUSE)
You hit Jessica but do no damage. Jessica hits you with a +0 club.
* * * LOW HITPOINT WARNING * * *
😱 HP[-2]
You take 2 damage, and now have 4/19 hp.
You hit Jessica. Jessica hits you with a +0 club.
You die...

Skill      XL: |  1 |
---------------+----+-----
Short Blades   | 1 |  1.3
Dodging        | |  1.7
Stealth        | |  2.8
Spellcasting   | |  2.1
Hexes          | |  3.3

Action                     || total
---------------------------++-------
  Melee: Dagger            ||    44
    Use: Scroll            ||     3
   Stab: Sleeping          ||     3
 Armour: Robe              ||    16
  Dodge: Dodged            ||    24

Levels and vault maps discovered:
D:1:      dpeg_arrival_renting, layout_rooms
D:2:      layout_loops_ring, hellmonk_ecumenical_altar_leap_of_faith,
          serial_shops, shop, uniq_jessica, uniq_crazy_yiuf_cottage,
          uniq_sigmund

Notes
Turn   | Place    | Note
-------+----------+-------------------------------------------
     0 | D:1      | kae the Demonspawn Enchanter began the quest for the Orb.
     0 | D:1      | Reached XP level 1. HP: 13/13 MP: 3/3
     0 | D:1      | magus.rc [v1.11.3]
    34 | D:1      | Reached skill level 1 in Short Blades
   221 | D:1      | Gained mutation: You have a pair of small antennae on your
                  | head. [demonic ancestry]
   221 | D:1      | Reached XP level 2. HP: 19/19 MP: 5/5
   228 | D:1      | Learned a level 2 spell: Ensorcelled Hibernation
   356 | D:1      | You pick up a book of Cantrips and begin reading...
   356 | D:1      | You add the spells Necrotise, Summon Small Mammal and
                  | Apportation to your library.
   483 | D:2      | Noticed Jessica
   493 | D:1      | HP: 4/19 [Jessica/+0 club (3)]
   494 | D:1      | Slain by Jessica

Vanquished Creatures
  A bat (D:1)
  An endoplasm (D:1)
  A giant cockroach (D:1)
  A goblin (D:1)
  3 hobgoblins (D:1)
  2 ball pythons (D:1)
  A frilled lizard (D:2)
  2 kobolds (D:1)
  2 rats (D:1)
14 creatures vanquished.

Table legend:
 A = Non-vault XP
 B = Vault XP
 C = Vault XP percentage of total XP
 D = Non-vault monster count
 E = Vault monster count
 F = Vault count percentage of total count
                 A         B        C        D         E       F
            +---------+---------+-------+---------+---------+-------
      Total |      23 |       0 |   0.0 |      14 |       0 |   0.0
            +---------+---------+-------+---------+---------+-------
        D:1 |      22 |       0 |   0.0 |      13 |       0 |   0.0
        D:2 |       1 |       0 |   0.0 |       1 |       0 |   0.0
            +---------+---------+-------+---------+---------+-------

Skill      XL: |  1 |
---------------+----+-----
Short Blades   | 1 |  1.3
Dodging        | |  1.7
Stealth        | |  2.8
Spellcasting   | |  2.1
Hexes          | |  3.3

Action                     || total
---------------------------++-------
  Melee: Dagger            ||    44
    Use: Scroll            ||     3
   Stab: Sleeping          ||     3
 Armour: Robe              ||    16
  Dodge: Dodged            ||    24

Illustrated notes

Table legend:
 A = Kills in this place as a percentage of kills in the entire game.
 B = Kills by you in this place as a percentage of kills by you in the entire game.
 C = Kills by friends in this place as a percentage of kills by friends in the entire game.
 D = Other kills in this place as a percentage of other kills in the entire game.
 E = Experience gained in this place as a percentage of experience gained in the entire game.
 F = Experience gained in this place divided by the number of levels of this place that you have seen.
                   A       B       C       D       E      F
               +-------+-------+-------+-------+-------+----------------------
         Total | 100.0 | 100.0 |   N/A |   N/A | 100.0 |  11.5
       Dungeon | 100.0 | 100.0 |   N/A |   N/A | 100.0 |  11.5
               +-------+-------+-------+-------+-------+----------------------

Table legend: (Time is in decaauts)
 A = Elapsed time spent in this place.
 B = Non-inter-level travel time spent in this place.
 C = Inter-level travel time spent in this place.
 D = Time resting spent in this place.
 E = Time spent auto-exploring this place.
 F = Levels seen in this place.
 G = Mean time per level.
                   A        B        C        D        E       F      G
               +--------+--------+--------+--------+--------+-----+--------+
         Total |    492 |    484 |      8 |     23 |    347 |   2 |  246.0 |
       Dungeon |    492 |    484 |      8 |     23 |    347 |   2 |  246.0 |
               +--------+--------+--------+--------+--------+-----+--------+

Top non-repeatable levels by time:
     D:1: 487 daAuts
     D:2: 4 daAuts
